 Dungeon Crawl Stone Soup version bcrawl-1.40.1 (webtiles) character file.

Game seed: 4787626787794480948

8400772 Mehrunes the Severer (level 26, -13/249 HPs)
             Began as a Naga Sloth Apostle on Oct 30, 2023.
             Was the Champion of Cheibriados.
             Mangled by a balrug
             ... wielding a +0 demon blade of flaming
             ... summoned by a yellow draconian scorcher
              (30 damage)
             ... on level 2 of the Realm of Zot on Oct 31, 2023.
             The game lasted 03:55:13 (59939 turns).

Mehrunes the Severer (Naga Sloth Apostle)          Turns: 59939, Time: 03:55:13

Health: -13/249    AC: 44    Str: 44    XL:     26   Next: 23%
Magic:  30/32      EV: 18    Int: 29    God:    Cheibriados [******]
Gold:   2582       SH: 26    Dex: 33    Spells: 13/37 levels left

rFire    + . .     GDR:     47% a - +4 broad axe (elec)
rCold    + + .     SeeInvis +   L - +3 medium shield of Inaction {rN+++ Str+5 Int-5}
rNeg     + + +     Gourm    .   B - +5 gold dragon scales
rPois    +         Faith    .   Y - +2 helmet
rElec    +         Spirit   .   J - +0 cloak "Jubiuddo" {Dex+3}
rCorr    .         Reflect  +   R - +2 pair of gloves {Str+3}
MR       ++++.     Clarity  +   A - +4 barding of the Last Beds {MR+ Dex+3}
Stlth    ..........             T - +5 amulet of reflection
HPRegen  1.51/turn              C - ring of insulation
MPRegen  0.23/turn              D - ring of Departure {+Fly rC+ Int+4 SInv}

@: corroded, regenerating, slowed, studying Short Blades, very slow
A: large, tail, swims, icy blue scales 1, see invisible, deformed body, dopey 1,
poison resistance, slowness 2, slow metabolism 1, spit poison 1, constrict 1, AC
+8
}: 3/15 runes: serpentine, abyssal, gossamer
a: Spit Poison, Bend Time, Defer, Temporal Distortion, Step From Time, Renounce
Religion, Evoke Flight


You were on level 2 of the Realm of Zot.
You worshipped Cheibriados.
Cheibriados was exalted by your worship.
You were not hungry.

You visited 8 branches of the dungeon, and saw 34 of its levels.
You visited the Abyss 2 times.
You also visited: Sewer.

You collected 8141 gold pieces.
You spent 5559 gold pieces at shops.

Inventory:

Hand Weapons
 a - a +4 broad axe of electrocution (weapon)
 b - a +0 fustibalus
 j - a +0 morningstar
Missiles
 m - 7148 stones (quivered)
 y - 2997 sling bullets
Armour
 A - the +4 barding of the Last Beds (worn) {MR+ Dex+3}
   (You acquired it on level 9 of the Dungeon)

   It affects your dexterity (+3).
   It affects your resistance to hostile enchantments.
 B - +5 gold dragon scales (worn)
 J - the +0 cloak "Jubiuddo" (worn) {Dex+3}
   (You found it on level 12 of the Dungeon)

   It affects your dexterity (+3).
 L - the +3 medium shield of Inaction (worn) {rN+++ Str+5 Int-5}
   (You bought it in a shop on level 2 of the Vaults)

   It affects your strength (+5).
   It affects your intelligence (-5).
   It renders you almost immune to negative energy.
 R - a +2 pair of gloves of strength (worn)
 Y - a +2 helmet (worn)
Magical Staves
 x - an uncursed staff of wizardry
Jewellery
 f - a +3 ring of slaying
 g - an uncursed ring of flight
 o - an uncursed amulet of rage
 p - an uncursed ring of positive energy
 s - the ring of Honesty {rC+ Stlth--}
   (You found it on level 3 of the Dungeon)

   [ring of attention]

   It protects you from cold.
   It makes you much less stealthy.
 C - a ring of insulation (left hand)
 D - the ring of Departure (right hand) {+Fly rC+ Int+4 SInv}
   (You took it off a spriggan air mage on level 4 of the Depths)

   [ring of see invisible]

   It affects your intelligence (+4).
   It protects you from cold.
   It lets you see invisible.
   It lets you fly.
 N - an uncursed amulet of regeneration
 Q - an uncursed ring of resist corrosion
 S - an uncursed ring of wizardry
 T - a +5 amulet of reflection (around neck)
Wands
 t - a wand of scattershot (5)
 G - a wand of acid (22)
 H - a wand of iceblast (47)
 M - a wand of clouds (10)
 V - a wand of paralysis (21)
Scrolls
 c - 3 scrolls of silence
 h - 9 scrolls of amnesia
 l - 4 scrolls of blinking
 q - 3 scrolls of fear
 v - 5 scrolls of teleportation
 K - 4 scrolls of revelation
 O - 12 scrolls of remove curse
 X - a scroll of fog
Potions
 i - 2 potions of invisibility
 k - 6 potions of brilliance
 u - a potion of resistance
 w - 5 potions of cancellation
 z - 3 potions of curing
 F - a potion of mutation
 I - 4 potions of flight
 P - a potion of might
 U - 5 potions of lignification
 Z - 3 potions of magic
Miscellaneous
 d - 2 phantom mirrors
 n - a lightning rod (4/4)
 r - a lamp of fire
Comestibles
 e - 52 rations {!d}


   Skills:
 + Level 17.0 Fighting
 - Level 18.0 Axes
 + Level 12.7 Slings
 + Level 13.6 Armour
 + Level 13.7 Dodging
 - Level 15.0 Stealth
 + Level 14.6 Shields
 - Level 6.0 Spellcasting
 - Level 2.0 Hexes
 + Level 9.4 Charms
 - Level 5.0 Necromancy
 - Level 10.0 Invocations
 + Level 13.2 Evocations


You had 13 spell levels left.
You knew the following spells:

 Your Spells              Type           Power        Failure   Level  Hunger
a - Slow                  Hex            ###.....     38%         1    None
b - Summon Butterflies    Summ           #.......     67%         1    None
c - Deflect Missiles      Chrm/Air       #####.....   100%        6    #######
d - Song of Slaying       Chrm           ######..     3%          2    None
e - Regeneration          Chrm/Necr      ######....   16%         3    ##.....
f - Borgnjor's Vile Clut  Necr/Erth      ###.......   100%        6    #######
g - Piercing Shot         Chrm           ######....   50%         5    #####..

Your spell library contained the following spells:

 Spells                   Type           Power        Failure   Level  Hunger
 Infusion                 Chrm           ######..     1%          1    None
 Necrotize                Necr           #####.       12%         1    None
 Corpse Rot               Necr           N/A          19%         2    None
 Sublimation of Blood     Necr           #####.....   19%         2    None
 Flaming Arrows           Chrm/Fire      #####...     22%         2    None
 Swiftness                Chrm/Air       #####...     22%         2    None
 Spectral Weapon          Hex/Chrm       #####...     28%         3    ##.....
 Vampiric Draining        Necr           #####.....   36%         3    ##.....
 Corona                   Hex            ###....      38%         1    None
 Ozocubu's Armour         Chrm/Ice       #####...     38%         3    ##.....
 Throw Frost              Conj/Ice       #.....       47%         2    None
 Shackle                  Hex            ###.....     54%         2    None
 Apportation              Tloc           #.....       67%         1    None
 Beastly Appendage        Tmut           #.....       67%         1    None
 Flame Tongue             Conj/Fire      #....        67%         1    None
 Freeze                   Ice            #.....       67%         1    None
 Sandblast                Erth           #.....       67%         1    None
 Sting                    Conj/Pois      #...         67%         1    None
 Summon Small Mammal      Summ           #...         67%         1    None
 Ensorcelled Hibernation  Hex/Ice        ##....       67%         2    None
 Tukima's Dance           Hex            ###.....     77%         3    ##.....
 Agony                    Necr           #####...     77%         4    ####...
 Animate Dead             Necr           N/A          77%         4    ####...
 Call Imp                 Summ           #.....       82%         2    None
 Passwall                 Tmut/Erth      #.......     82%         2    None
 Poisonous Vapours        Pois/Air       #.....       82%         2    None
 Sticks to Snakes         Tmut           #.......     82%         2    None
 False Image              Hex/Summ       ##......     88%         3    ##.....
 Inner Flame              Hex/Fire       N/A          88%         3    ##.....
 Beckoning                Tloc           #.........   96%         3    ##.....
 Call Canine Familiar     Summ           #.......     96%         3    ##.....
 Conjure Flame            Conj/Fire      #.......     96%         3    ##.....
 Ignite Poison            Fire/Tmut/Pois #.......     96%         3    ##.....
 Mephitic Cloud           Conj/Pois/Air  #.......     96%         3    ##.....
 Recall                   Summ/Tloc      N/A          96%         3    ##.....
 Stone Arrow              Conj/Erth      #.....       96%         3    ##.....
 Dispel Undead            Necr           #####...     98%         5    #####..
 Iskenderun's Battlesphe  Conj/Chrm      #####...     98%         5    #####..
 Steam Barrier            Chrm/Fire      #####.....   98%         5    #####..
 Cause Fear               Hex            ###.......   99%         4    ####...
 Fulminant Prism          Conj/Hex       ##........   99%         4    ####...
 Yara's Violent Unravell  Hex/Tmut       ##........   99%         4    ####...
 Airstrike                Air            #.........   100%        4    ####...
 Ice Form                 Ice/Tmut       #.......     100%        4    ####...
 Olgreb's Toxic Radiance  Pois           #........    100%        4    ####...
 Petrify                  Tmut/Erth      #.........   100%        4    ####...
 Sticky Flame             Conj/Fire      #.......     100%        4    ####...
 Summon Ice Beast         Ice/Summ       #.......     100%        4    ####...
 Summon Scorpions         Summ/Pois      #.......     100%        4    ####...
 Throw Icicle             Conj/Ice       #.......     100%        4    ####...
 Fireball                 Conj/Fire      #.........   100%        5    #####..
 Freezing Cloud           Ice/Air        #.......     100%        5    #####..
 Lee's Rapid Deconstruct  Erth           #.........   100%        5    #####..
 Metabolic Englaciation   Hex/Ice        ##........   100%        5    #####..
 Silence                  Hex/Air        ##........   100%        5    #####..
 Summon Demon             Summ           #.........   100%        5    #####..
 Summon Forest            Summ/Tloc      #.........   100%        5    #####..
 Summon Lightning Spire   Summ/Air       #.......     100%        5    #####..
 Summon Mana Viper        Hex/Summ       ##......     100%        5    #####..
 Venom Bolt               Conj/Pois      #.........   100%        5    #####..
 Aura of Abjuration       Summ           #.........   100%        6    #######
 Bolt of Cold             Conj/Ice       #.........   100%        6    #######
 Conjure Ball Lightning   Conj/Air       #.........   100%        6    #######
 Darkness                 Hex            ###.......   100%        6    #######
 Infestation              Hex/Tmut/Pois  ##.......    100%        6    #######
 Invisibility             Hex            ###.....     100%        6    #######
 Ozocubu's Refrigeration  Ice            #.........   100%        6    #######
 Simulacrum               Ice/Necr       ###.....     100%        6    #######
 Virulence                Hex/Pois       ##......     100%        6    #######
 Dragon Form              Tmut           #......      100%        7    #######
 Haunt                    Necr/Summ      ###.......   100%        7    #######
 Malign Gateway           Summ/Tloc      #.........   100%        7    #######
 Monstrous Menagerie      Summ           #.........   100%        7    #######
 Orb of Destruction       Conj           #.........   100%        7    #######
 Shadow Creatures         Summ           N/A          100%        7    #######
 Spellforged Servitor     Conj/Summ      #.........   100%        7    #######
 Summon Greater Demon     Summ           #.........   100%        7    #######
 Summon Horrible Things   Summ           #.........   100%        8    #######
 Time Stop                Chrm/Tloc      N/A          100%        8    #######
 Tornado                  Tloc/Air       #.........   100%        8    #######


Dungeon Overview and Level Annotations

Branches:
Dungeon (12/12)            Temple (0/1) D:4            Lair (6/6) D:7
  Snake (3/3) Lair:2       Spider (3/3) Lair:3        Slime (0/5) Orc
    Orc (1/1) D:9          Vaults (2/3) D:12         Forest (0/3) Lair:6
  Crypt (0/2) Vaults:1     Depths (5/5) D:12            Zot (2/5) Depths:5

Altars:
Ashenzari
Cheibriados
Dithmenos
Fedhas
Gozag
Kikubaaqudgha
Lugonu
Nemelex Xobeh
Okawaru
Trog
Vehumet
Xom
Zin
Jiyva

Shops:
D:5 =   D:7 [   D:11 :   Orc ?[}:   Snake:1 [*?=((!::   Vaults:2 ([*(
Depths:1 !=}=   Depths:5 *

Portals:
Hell: Depths:1 Depths:2 Depths:3 Depths:4 Depths:5
Abyss: Lair:6 Depths:3 Depths:4
Pandemonium: Depths:3 Depths:5
Ziggurat: Depths:4

Annotations:
D:2 1 runed door
D:8 exclusion: vault guard
Lair:2 1 runed translucent door, yrara's ghost, journeyman DsFi
Spider:2 exclusion: door


Innate Abilities, Weirdness & Mutations

You cannot wear boots.
You can swim through water.
Your serpentine skin is tough. (AC +8)
You have supernaturally acute eyesight. (SInv)
Armour fits poorly on your strangely shaped body.
Your system is resistant to poisons. (rPois)
You cover ground very slowly.
You have a slow metabolism.
You can spit poison.
You can use your snake-like lower body to constrict enemies.
You are partially covered in icy blue scales. (AC +2)
You are dopey. (Int -2)


Message History

You block the yellow draconian scorcher's attack.
The yellow draconian struggles to escape constriction.
A white draconian comes into view. It is wielding a +0 scimitar.
Okay, then.
Evoke which item? (* to show all) (? for menu, Esc to quit)
Okay, then.
Press: ? - help, v - describe, . - travel
Here: a quicksilver dragon (heavily wounded) Evoke which item? (* to show all) (? for menu, Esc to quit)
Okay, then.
Unknown command.
You feel better.
You constrict the yellow draconian!
The quicksilver dragon closely misses you.
You block the quicksilver dragon's attack.
You block the balrug's attack.
You block the purple draconian's attack.
The quicksilver dragon bites you but does no damage.
You block the quicksilver dragon's attack.
The balrug hits you with a +0 demon blade of flaming!!
You die...

. ".. .## .. ..###
#'## ##d..###...##
#.d.q3#§....#
#...dd#§....#
......#...q@#.§...#
.......##..2#D#
.>......####[d#
........# #).##
........# #.§#
....(...# #..#
#.....####.###
#.<...'......+
#.....########


You could see 2 draconians, a green draconian (fleeing), a purple draconian, a
white draconian, a purple draconian shifter, a quicksilver dragon, a yellow
draconian scorcher, a balrug and a sun demon.

Vanquished Creatures
  A juggernaut (Depths:4)
  Mara (Depths:4)
  3 ancient liches
  Sojobo (Depths:2)
  5 Killer Klowns
  6 golden dragons
  Saint Roka (Snake:1)
  Vashnia (Snake:3)
  A caustic shrike (Depths:2)
  A curse toe (Zot:2)
  3 rockslimes
  Jory (Depths:3)
  2 bone dragons (Abyss:2)
  Nikola (Snake:1)
  An Orb Demon (Zot:1)
  Frances (Snake:1)
  3 wendigos (Depths:2)
  9 tentacled monstrosities
  2 titans
  Asterion (Spider:1)
  2 quicksilver dragons
  7 sphinxes
  4 liches
  2 death cobs
  3 storm dragons
  7 shadow dragons
  A greenwood witch (shapeshifter) (Depths:2)
  A tentacled starspawn (Abyss:3)
  2 draconian monks
  Donald (Spider:1)
  8 nagarajas
  7 tengu reavers
  16 frost giants
  12 fire giants
  A draconian knight (Depths:5)
  4 deep elf sorcerers
  6 emperor scorpions
  8 vault wardens
  The ghost of zoran the Reanimator, a journeyman NaSA of Cheibriados (Snake:1)
  An angel (Depths:4)
  Aizul (Vaults:2)
  4 iron dragons
  2 draconian shifters (Zot:1)
  4 ghost moths (Spider:3)
  A caustic shrike zombie (Depths:2)
  The ghost of Finster the Bludgeoner, a journeyman EnSA of Cheibriados (D:12)
  10 ironheart preservers
  A jiangshi (Vaults:1)
  3 spriggan defenders (Depths:4)
  2 eyes of devastation
  A draconian stormcaller (Zot:1)
  13 very ugly things
  3 draconian annihilators (Zot:1)
  17 stone giants
  A caustic shrike skeleton (D:12)
  An ophan (Abyss:2)
  7 dire elephants
  A vampire knight (Vaults:1)
  A white draconian (Depths:5)
  2 green draconians
  A deep elf annihilator (Vaults:1)
  4 black draconians
  6 purple draconians
  4 spark wasps (Depths:2)
  3 yellow draconians
  3 entropy weavers
  A lorocyproca (Abyss:3)
  A green death (Depths:3)
  16 ettins
  13 fire dragons
  A merfolk impaler (Depths:1)
  Josephine (Orc)
  9 yaktaur captains
  A vault guard (Vaults:2)
  6 rakshasas
  11 ice dragons
  Fannar (Orc)
  Erolcha (Orc)
  9 spriggan air magi
  14 hydras
  8 great orbs of eyes
  3 shadow wraiths
  6 anacondas
  11 naga warriors
  5 catoblepae (Depths:5)
  10 ogre magi
  A satyr (shapeshifter) (Depths:2)
  24 two-headed ogres
  2 dancing weapons
  5 vampire magi
  A sea snake (shapeshifter) (Depths:4)
  9 thrashing horrors
  3 ironheart beastmasters
  8 deep troll earth magi
  10 deep troll shamans
  2 shock serpents
  4 spriggan berserkers
  2 wretched stars (Abyss:2)
  2 deep elf knights (Vaults:1)
  13 deep trolls
  10 naga sharpshooters
  4 hell knights
  A soul eater (Depths:5)
  6 iron trolls
  A spatial maelstrom (Abyss:3)
  Nergalle (Orc)
  A titan skeleton (Depths:2)
  8 centaur warriors
  A fire crab (shapeshifter) (D:12)
  3 skeletal warriors
  A sixfirhy (Abyss:2)
  3 flayed ghosts
  An infernal demonspawn (Depths:5)
  An anaconda zombie (Abyss:2)
  A glowing orange brain (Vaults:2)
  A shadow demon (Depths:5)
  9 unseen horrors
  A phantasmal warrior (Vaults:2)
  A salamander mystic (Snake:2)
  2 deep elf archers
  11 starcursed masses
  Pikel (D:4)
  2 naga ritualists
  5 wizards
  2 orange crystal statues (Spider:2)
  An orc knight (D:12)
  A lindwurm (Lair:1)
  A tengu zombie (Vaults:2)
  4 anaconda skeletons (Lair:2)
  5 cyclopes
  7 orb spiders
  6 ironheart convokers
  7 wolf spider zombies
  2 manticores (Lair:5)
  22 wolf spiders
  4 mana vipers
  5 orc sorcerers (Orc)
  9 deep elf magi
  5 necromancers
  A salamander (shapeshifter) (Depths:2)
  21 ugly things
  2 stone giant zombies
  7 naga magi
  An apocalypse crab (Abyss:3)
  6 elephants (Lair:3)
  2 human zombies (Vaults:2)
  8 large abominations
  A frost giant zombie (D:12)
  A faun (shapeshifter) (Depths:2)
  A torpor snail (Spider:3)
  16 black mambas
  10 moths of wrath
  An ice statue (D:11)
  7 smoke demons
  3 salamanders
  A stone giant skeleton (Depths:2)
  A guardian serpent (shapeshifter) (Depths:4)
  5 will-o'-wisps (Abyss:2)
  A guardian serpent (Snake:1)
  7 vault sentinels
  A gargoyle (D:12)
  3 orange demons
  19 jumping spiders
  3 efreet
  A rime drake (Lair:3)
  14 demonic crawlers
  10 cane toads
  A freezing wraith (Vaults:1)
  A tormentor (Abyss:2)
  29 yaktaurs
  7 komodo dragons
  An eye of draining (shapeshifter) (Depths:2)
  4 flying skulls (Abyss:2)
  An eye of draining (D:11)
  A guardian mummy (D:12)
  A hellwing (Depths:5)
  An ice devil (Abyss:3)
  A red devil (Depths:3)
  A yaktaur skeleton (Vaults:2)
  5 ancient zymes
  5 trolls
  A harpy zombie (D:11)
  A silent spectre (Abyss:3)
  A tengu simulacrum (Vaults:1)
  A merfolk (shapeshifter) (Depths:2)
  Maurice (D:8)
  13 hornets
  3 polar bears
  A hornet (shapeshifter) (D:10)
  Grinder (D:5)
  A harpy skeleton (D:11)
  A hydra skeleton (Abyss:3)
  9 hippogriffs
  33 slime creatures
  12 blink frogs (Lair:6)
  A raiju (shapeshifter) (Depths:1)
  10 tarantella zombies (Spider:2)
  20 raiju
  A human simulacrum (Vaults:2)
  25 yaks
  A spriggan skeleton (D:12)
  5 spriggans
  A tarantella (shapeshifter) (Depths:2)
  14 tarantellas
  A shadow (D:12)
  2 ettin skeletons (Abyss:3)
  6 wraiths
  4 ynoxinuls
  9 water elementals
  2 basilisks
  2 wyverns (D:10)
  3 neqoxecs
  2 hungry ghosts
  Eustachio (D:4)
  A steam dragon (D:6)
  46 redbacks
  6 chaos spawn
  A vampire mosquito (D:12)
  Edmund (D:6)
  A spatial vortex (Abyss:3)
  3 wargs
  A naga (shapeshifter) (Vaults:1)
  35 nagas
  3 acid dragons
  11 crocodiles
  16 water moccasins
  9 porcupines
  A hornet zombie (D:12)
  Purgy (Sewer)
  2 floating eyes
  21 orc warriors
  21 small abominations
  4 sky beasts
  2 black bears (D:7)
  A black bear (shapeshifter) (Vaults:2)
  4 ice beasts
  21 ogres
  11 redback zombies (Spider:2)
  3 slaves
  12 boggarts
  11 wolves
  2 phantoms
  7 bullfrogs
  2 kobold brigands
  Blork the orc (D:5)
  16 centaurs
  4 scorpions
  7 killer bees
  14 orc priests
  2 howler monkeys
  5 electric eels
  17 jellies
  5 crimson imps
  4 quasits
  7 hounds
  3 iron imps
  30 orc wizards
  A human skeleton (Abyss:1)
  3 iguanas (D:6)
  A worker ant (shapeshifter) (Depths:2)
  7 hell rats (Lair:6)
  17 worker ants
  A hound zombie (D:5)
  A howler monkey zombie (D:10)
  4 gnolls (D:6)
  15 adders
  A river rat (D:6)
  3 shadow imps
  4 white imps
  6 ufetubi
  7 oozes
  3 adder skeletons
  A worm (D:1)
  3 dart slugs
  5 leopard geckos
  65 orcs
  3 ball pythons
  6 bats
  5 giant cockroaches
  9 goblins
  9 hobgoblins
  14 jackals
  A quokka (D:5)
  6 frilled lizards
  17 kobolds
  2 quokka skeletons
  10 rats
  19 bushes (D:10)
  23 fungi
  20 plants
  A starspawn tentacle (Abyss:3)
1677 creatures vanquished.

Vanquished Creatures (others)
  A tentacled monstrosity (Depths:3)
  2 frost giants (Depths:2)
  8 stone giants
  4 yaktaur captains (Depths:1)
  A naga sharpshooter (Snake:3)
  A deep elf knight (Vaults:1)
  6 centaur warriors
  A cyclops (Vaults:1)
  A deep elf archer (Vaults:1)
  A naga mage (Snake:1)
  8 yaktaurs
  A rime drake (shapeshifter) (Depths:3)
  2 small abominations
  A hound (shapeshifter) (Abyss:3)
  2 orc wizards
  11 fungi
  30 plants
  A starspawn tentacle (Abyss:3)
  A withered plant (D:12)
83 creatures vanquished.

Grand Total: 1760 creatures vanquished

Notes
Turn   | Place    | Note
-------+----------+-------------------------------------------
     0 | D:1      | Mehrunes the Naga Sloth Apostle began the quest for the
                  | Orb.
     0 | D:1      | Reached XP level 1. HP: 19/19 MP: 2/2
   271 | D:1      | Reached XP level 2. HP: 15/26 MP: 3/3
   344 | D:1      | Reached skill level 5 in Stealth
   596 | D:1      | Reached XP level 3. HP: 29/32 MP: 4/4
   601 | D:1      | Reached * piety under Cheibriados
  1503 | D:2      | Reached ** piety under Cheibriados
  1755 | D:2      | Reached skill level 3 in Axes
  1755 | D:2      | Reached XP level 4. HP: 40/40 MP: 5/5
  2070 | D:2      | Found a runed door.
  2407 | D:3      | Got a faintly glowing golden ring
  2415 | D:2      | Identified the cursed ring of Honesty {rC+ Stlth--} (You
                  | found it on level 3 of the Dungeon)
  2892 | D:3      | Reached skill level 1 in Dodging
  3208 | D:3      | Reached XP level 5. HP: 38/46 MP: 6/6
  3536 | D:3      | Reached *** piety under Cheibriados
  3788 | D:3      | Found a bloodstained altar of Trog.
  4460 | D:4      | Reached XP level 6. HP: 56/56 MP: 7/7
  4479 | D:3      | Reached skill level 4 in Axes
  4695 | D:4      | Noticed a sky beast
  4856 | D:4      | Learned a level 1 spell: Summon Butterflies
  4859 | D:4      | Found an ancient bone altar of Kikubaaqudgha.
  5070 | D:4      | Found a snail-covered altar of Cheibriados.
  5132 | D:4      | Reached **** piety under Cheibriados
  5173 | D:4      | Reached XP level 7. HP: 57/62 MP: 8/8
  5884 | D:4      | Found a staircase to the Ecumenical Temple.
  5895 | D:4      | Reached skill level 5 in Axes
  5948 | D:4      | Noticed Eustachio
  6199 | D:4      | Killed Eustachio
  6213 | D:4      | Reached XP level 8. HP: 36/72 MP: 9/9
  6565 | D:5      | Entered Level 5 of the Dungeon
  6703 | D:5      | Noticed Blork the orc
  6730 | D:5      | Killed Blork the orc
  6744 | D:5      | Noticed Grinder
  7025 | D:5      | Noticed Pikel
  7037 | D:5      | Killed Grinder
  7038 | D:5      | Reached skill level 6 in Axes
  7423 | D:4      | Found a snail-covered altar of Cheibriados.
  7567 | D:4      | Killed Pikel
  7568 | D:4      | Reached XP level 9. HP: 23/80 MP: 11/11
  7936 | D:5      | Reached skill level 5 in Fighting
  8060 | D:5      | Found Gimp's Jewellery Shoppe.
  8386 | D:5      | Reached skill level 7 in Axes
  8697 | D:5      | Found Gimp's Jewellery Shoppe.
  9312 | D:6      | Noticed Edmund
  9318 | D:6      | Reached ***** piety under Cheibriados
  9330 | D:6      | Killed Edmund
  9331 | D:6      | Reached skill level 1 in Invocations
  9341 | D:6      | Found a glowing drain.
  9351 | Sewer    | Entered a sewer
  9464 | Sewer    | Noticed Purgy
  9473 | Sewer    | Killed Purgy
 10223 | D:5      | Reached XP level 10. HP: 85/88 MP: 13/13
 11719 | D:7      | Reached skill level 8 in Axes
 12263 | D:7      | Found Tetykk's Antique Armour Boutique.
 12280 | D:7      | Bought a pair of glowing gloves for 172 gold pieces
 12386 | D:7      | Reached skill level 10 in Stealth
 12386 | D:7      | Reached skill level 5 in Shields
 12579 | D:7      | Found a staircase to the Lair.
 12755 | D:7      | Learned a level 6 spell: Deflect Missiles
 12874 | D:8      | Identified the ring "Iqobra" {rElec rF- Int+6 Dex+3
                  | Stlth++}
 12962 | D:8      | Reached skill level 5 in Evocations
 12988 | D:8      | Learned a level 2 spell: Song of Slaying
 13068 | D:8      | Noticed a two-headed ogre
 13071 | D:8      | Noticed Maurice
 13381 | D:8      | Noticed a deep elf mage
 13538 | D:8      | Killed Maurice
 13609 | D:8      | Noticed a vault guard
 13635 | D:9      | Found a sparkling altar of Nemelex Xobeh.
 13635 | D:9      | Found a glowing silver altar of Zin.
 13636 | D:9      | Found an iron altar of Okawaru.
 13718 | D:8      | Killed a deep elf mage
 13718 | D:8      | Reached ****** piety under Cheibriados
 13843 | D:8      | Found a shadowy altar of Dithmenos.
 14128 | D:8      | Found an opulent altar of Gozag.
 14208 | D:9      | Identified a scroll of acquirement
 14209 | D:9      | Identified the +4 barding of the Last Beds {MR+ Dex+3} (You
                  | acquired it on level 9 of the Dungeon)
 14209 | D:9      | Identified the amulet of Bagafys {Regen rPois rF+} (You
                  | acquired it on level 9 of the Dungeon)
 14237 | D:9      | Reached XP level 11. HP: 99/99 MP: 14/14
 14445 | D:9      | Reached skill level 9 in Axes
 14445 | D:9      | Reached skill level 5 in Dodging
 15146 | D:9      | Found a staircase to the Orcish Mines.
 15240 | D:9      | Noticed an eight-headed hydra
 15243 | D:9      | Killed an eight-headed hydra
 15244 | D:9      | Reached skill level 1 in Armour
 15587 | D:10     | Entered Level 10 of the Dungeon
 15587 | D:10     | Noticed an eight-headed hydra
 15895 | D:10     | Noticed a skeletal warrior
 15960 | D:10     | Noticed a brown ugly thing
 15976 | D:10     | Killed a brown ugly thing
 16051 | D:10     | Reached skill level 10 in Axes
 16321 | D:9      | Killed an eight-headed hydra
 16863 | D:9      | Killed a skeletal warrior
 17174 | D:10     | Noticed a two-headed ogre
 17181 | D:10     | Killed a two-headed ogre
 17182 | D:10     | Reached XP level 12. HP: 109/109 MP: 16/16
 17544 | D:11     | Found Futhar's Book Shoppe.
 17944 | D:11     | Noticed a fire dragon
 18032 | D:9      | Found an iron altar of Okawaru.
 18034 | D:9      | Found a glowing silver altar of Zin.
 18036 | D:9      | Found a sparkling altar of Nemelex Xobeh.
 18268 | Lair:1   | Entered Level 1 of the Lair of Beasts
 18421 | Lair:1   | Reached skill level 1 in Charms
 18453 | Lair:1   | Found a dark tunnel.
 18808 | Lair:1   | Got an ominously black robe
 18819 | Lair:1   | Identified the cursed +1 robe of Nemelex Xobeh's Whim
                  | {+Blink} (You found it on level 1 of the Lair of Beasts)
 18982 | Lair:1   | Reached skill level 11 in Axes
 19877 | Lair:2   | Noticed a seven-headed hydra
 19885 | Lair:2   | Killed a seven-headed hydra
 19886 | Lair:2   | Gained mutation: You can use your snake-like lower body to
                  | constrict enemies. [Naga growth]
 19886 | Lair:2   | Reached XP level 13. HP: 106/118 MP: 18/18
 20066 | Lair:2   | Found a runed translucent door.
 20066 | Lair:2   | Found a shimmering altar of Xom.
 20066 | Lair:2   | Noticed yrara's ghost (journeyman DsFi)
 20195 | Lair:2   | Found a staircase to the Snake Pit.
 20195 | Lair:2   | Noticed a sphinx
 20211 | Lair:2   | Paralysed by a sphinx for 4 turns
 20222 | Lair:2   | Killed a sphinx
 20572 | Lair:2   | Found the +8 whip "Snakebite" {curare, rPois}
 20958 | Lair:3   | Reached skill level 12 in Axes
 21392 | Lair:3   | Found a hole to the Spider Nest.
 21904 | Lair:3   | Learned a level 3 spell: Regeneration
 22053 | Lair:4   | Got a bound ivory ring
 22060 | Lair:4   | Identified the ring of Taim {rElec Stlth--} (You found it
                  | on level 4 of the Lair of Beasts)
 23085 | Lair:5   | Reached skill level 5 in Armour
 23121 | Lair:5   | Reached XP level 14. HP: 106/129 MP: 20/20
 23610 | Lair:5   | Reached skill level 5 in Charms
 24170 | Lair:6   | Entered Level 6 of the Lair of Beasts
 24677 | Lair:6   | Found a staircase to the Spriggan Forest.
 25526 | Lair:6   | Reached skill level 13 in Axes
 25570 | Lair:6   | Reached skill level 1 in Necromancy
 25747 | Lair:6   | Found a corrupted altar of Lugonu.
 25747 | Lair:6   | Found a one-way gate to the infinite horrors of the Abyss.
 26375 | D:9      | Found a staircase to the Orcish Mines.
 26384 | Orc      | Entered the Orcish Mines
 26389 | Orc      | Noticed Josephine
 26452 | Orc      | Killed Josephine
 26468 | Orc      | Identified the ring "Wosheg" {Ice -Tele Str+3 Dex+4}
 26468 | Orc      | Noticed Fannar
 26483 | Orc      | Killed Fannar
 26918 | Orc      | Found a staircase to the Slime Pits.
 26918 | Orc      | Found a viscous altar of Jiyva.
 27109 | Orc      | Found Hotud's Magic Scroll Boutique.
 27142 | Orc      | Noticed Nergalle
 27220 | Orc      | Found Luntubb's Gadget Shop.
 27240 | Orc      | Noticed Erolcha
 27244 | Orc      | Cast into level 1 of the Abyss (Erolcha)
 27286 | Abyss:1  | Noticed a starcursed mass
 27298 | Abyss:1  | Noticed an Executioner
 27311 | Abyss:1  | HP: 3/130 [starcursed mass/accursed screaming (9)]
 27449 | Abyss:1  | Identified the Volume of Mutagenic Enhancements
 27536 | Abyss:1  | Reached XP level 15. HP: 138/138 MP: 21/21
 27537 | Abyss:1  | Noticed a tentacled starspawn
 27586 | Abyss:1  | Reached skill level 10 in Fighting
 27756 | Abyss:1  | Noticed a bone dragon
 28154 | Abyss:1  | Reached skill level 15 in Stealth
 28256 | Abyss:1  | Found a hide-covered altar of Uskayaw.
 28376 | Orc      | Escaped the Abyss
 28378 | Orc      | Found a radiant altar of Vehumet.
 28383 | Orc      | Killed Erolcha
 28427 | Orc      | Killed Nergalle
 28430 | Orc      | Found a roughly hewn altar of Beogh.
 28430 | Orc      | Found Kausoriz's Book Boutique.
 28441 | Orc      | Found Niwaihaop's Antique Armour Boutique.
 28527 | Orc      | Bought masterwork fire dragon scales for 1560 gold pieces
 28537 | Orc      | Identified the +4 fire dragon scales "Lautz" {*Contam rElec
                  | rF++ rC- rN++ Int+4} (You bought it in a shop in the Orcish
                  | Mines)
 28656 | Orc      | Found an ancient bone altar of Kikubaaqudgha.
 29771 | D:11     | Reached skill level 14 in Axes
 29971 | D:12     | Entered Level 12 of the Dungeon
 29976 | D:12     | Got a transparent cloak
 30003 | D:12     | Identified the cursed +0 cloak "Jubiuddo" {Dex+3} (You
                  | found it on level 12 of the Dungeon)
 30030 | D:12     | Found a gate to the Vaults.
 30574 | D:12     | Found a staircase to the Depths.
 30782 | D:12     | Found a runed translucent door.
 30783 | D:12     | Noticed Finster's ghost (journeyman EnSA)
 30883 | D:12     | Noticed a sphinx
 30910 | D:12     | Killed Finster's ghost
 30913 | D:12     | Killed a sphinx
 30917 | D:12     | Got an ancient golden ring
 30991 | D:12     | Identified the ring "Xets" {Fire Dex+3} (You found it on
                  | level 12 of the Dungeon)
 31236 | Snake:1  | Entered Level 1 of the Snake Pit
 31332 | Snake:1  | Found Aburuj's Antique Armour Shop.
 31471 | Snake:1  | Noticed a nagaraja
 31480 | Snake:1  | Killed a nagaraja
 31533 | Snake:1  | Noticed Frances
 31544 | Snake:1  | Reached XP level 16. HP: 148/148 MP: 22/22
 31568 | Snake:1  | Killed Frances
 31793 | Snake:1  | Found Waduecrorie's Weapon Boutique.
 31806 | Snake:1  | Noticed Saint Roka
 31814 | Snake:1  | Found Ena Tesk's Book Shop.
 32115 | Snake:1  | Noticed Nikola
 32131 | Snake:1  | Killed Nikola
 32249 | Snake:1  | Found Juenwef's Distillery.
 32274 | Snake:1  | Noticed a nagaraja
 32289 | Snake:1  | Killed a nagaraja
 32405 | Snake:1  | Killed Saint Roka
 32544 | Snake:1  | Reached skill level 5 in Necromancy
 32558 | Snake:1  | Found Ylar's Book Shoppe.
 32603 | Snake:1  | Found Xatz's Jewellery Shoppe.
 32606 | Snake:1  | Found Izxixaiv's Antique Weapon Shoppe.
 32606 | Snake:1  | Found Ceihufiph's General Store.
 32618 | Snake:1  | Found Riaklore's Magic Scroll Emporium.
 32757 | Snake:1  | Found a transporter.
 32760 | Snake:1  | Noticed zoran's ghost (journeyman NaSA)
 32774 | Snake:1  | Found a transporter.
 34036 | Snake:2  | Reached skill level 15 in Axes
 34181 | Snake:2  | Identified the +6 war axe of Riasoi {pain, rC+ MR+ Str+2
                  | Stlth-} (You acquired it on level 2 of the Snake Pit)
 34490 | Snake:3  | Entered Level 3 of the Snake Pit
 34679 | Snake:3  | Noticed Vashnia
 34720 | Snake:3  | Killed Vashnia
 35381 | Snake:1  | Bought a +0 fustibalus for 240 gold pieces
 35493 | Spider:1 | Entered Level 1 of the Spider Nest
 35601 | Spider:1 | Got a bloodstained short sword
 35678 | Spider:1 | Noticed Donald
 35681 | Spider:1 | Noticed Asterion
 35689 | Spider:1 | Killed Donald
 35698 | Spider:1 | Killed Asterion
 35699 | Spider:1 | Reached skill level 1 in Slings
 35923 | Spider:1 | Reached XP level 17. HP: 157/157 MP: 24/24
 37204 | Spider:3 | Entered Level 3 of the Spider Nest
 37489 | Spider:3 | Reached skill level 10 in Evocations
 38066 | Spider:3 | Reached skill level 10 in Shields
 38300 | Spider:3 | Reached skill level 16 in Axes
 38578 | Spider:2 | Found the cursed +13 scythe of Curses {drain, *Curse}
 38789 | Spider:3 | Reached XP level 18. HP: 168/168 MP: 25/25
 39033 | Spider:3 | Got a gossamer rune of Zot
 39626 | Snake:1  | Was placed under penance by Cheibriados
 39631 | Snake:1  | Was forgiven by Cheibriados
 39638 | Snake:1  | Killed zoran's ghost
 39640 | Snake:1  | Identified the ring of Departure {*Corrode rF++ Str+2
                  | Stlth+} (You found it on level 1 of the Snake Pit)
 40377 | Snake:3  | Reached skill level 5 in Slings
 40597 | Snake:3  | Got a serpentine rune of Zot
 41361 | Vaults:1 | Entered Level 1 of the Vaults
 41406 | Vaults:1 | Reached skill level 5 in Spellcasting
 42479 | Vaults:1 | Reached XP level 19. HP: 175/177 MP: 22/27
 42842 | Vaults:1 | Reached skill level 5 in Invocations
 43604 | Vaults:1 | Found a staircase to the Crypt.
 43704 | Vaults:2 | Noticed Aizul
 43714 | Vaults:2 | Killed Aizul
 43722 | Vaults:2 | Reached skill level 10 in Dodging
 43740 | Vaults:2 | Reached skill level 10 in Armour
 43884 | Vaults:2 | Found Gozag's Antique Armour Boutique.
 43885 | Vaults:2 | Found Gozag's Antique Weapon Boutique.
 43887 | Vaults:2 | Found an opulent altar of Gozag.
 43887 | Vaults:2 | Found Gozag's Antique Weapon Shop.
 44110 | Vaults:2 | Found Lanyoz's Assorted Antiques.
 44164 | Vaults:2 | Bought a potion of might for 120 gold pieces
 44555 | Vaults:2 | Reached XP level 20. HP: 163/188 MP: 29/29
 44626 | Vaults:2 | Reached XP level 21. HP: 196/196 MP: 30/30
 44628 | Vaults:2 | Found a blossoming altar of Fedhas.
 45776 | Vaults:2 | Bought a spiked medium shield for 950 gold pieces
 45776 | Vaults:2 | Identified the +3 medium shield of Inaction {rN+++ Str+5
                  | Int-5} (You bought it in a shop on level 2 of the Vaults)
 45923 | Depths:1 | Entered Level 1 of the Depths
 46432 | Depths:1 | Found Ronilu's Jewellery Shop.
 46432 | Depths:1 | Found Ahexeet's Gadget Emporium.
 46434 | Depths:1 | Found Wasurry's Jewellery Shop.
 46453 | Depths:1 | Bought a phantom mirror for 360 gold pieces
 46526 | Depths:1 | Identified the +5 ring mail of Qexih {rElec rF- rN+ Str+3}
 46628 | Depths:1 | Found a gateway to Hell.
 46962 | Depths:1 | Found Uronerpha's Distillery.
 47259 | Depths:2 | Noticed a Killer Klown
 47259 | Depths:2 | Noticed a caustic shrike
 47264 | Depths:2 | Noticed a rockslime
 47455 | Depths:2 | Reached XP level 22. HP: 185/207 MP: 31/31
 47482 | Depths:2 | Learned a level 6 spell: Borgnjor's Vile Clutch
 48083 | Depths:2 | Noticed a rockslime
 48120 | Depths:2 | Noticed Sojobo
 48270 | Depths:2 | Killed Sojobo
 48409 | Depths:2 | Reached skill level 17 in Axes
 48622 | Depths:2 | Noticed a golden dragon
 48625 | Depths:2 | Noticed a golden dragon
 48633 | Depths:2 | Killed a caustic shrike
 48639 | Depths:2 | Killed a golden dragon
 48640 | Depths:2 | Reached skill level 10 in Invocations
 48653 | Depths:2 | Killed a golden dragon
 48706 | Depths:2 | Killed a rockslime
 48707 | Depths:2 | Reached skill level 15 in Fighting
 48913 | Depths:2 | Reached skill level 10 in Slings
 48939 | Depths:2 | Reached XP level 23. HP: 198/217 MP: 32/32
 49105 | Depths:2 | Noticed a Killer Klown
 49115 | Depths:2 | Killed a Killer Klown
 49665 | Depths:2 | Killed a Killer Klown
 49732 | Depths:2 | Identified Spellcraft Continued
 49769 | Depths:2 | Identified the +14 plate armour "Otauh" {rElec rPois rN+++
                  | Int-3}
 50062 | Depths:3 | Found a one-way gate leading to the halls of Pandemonium.
 50292 | Depths:3 | Noticed Jory
 50301 | Depths:3 | Killed Jory
 50611 | Depths:3 | Noticed a golden dragon
 50624 | Depths:3 | Killed a golden dragon
 50634 | Depths:3 | Noticed an ancient lich
 50644 | Depths:3 | Killed an ancient lich
 50651 | Depths:3 | Noticed a Killer Klown
 50656 | Depths:3 | Killed a Killer Klown
 50765 | Depths:3 | Gained mutation: You are occasionally teleported next to
                  | monsters. [mutagenic glow]
 51118 | Depths:2 | Lost mutation: You are occasionally teleported next to
                  | monsters. [potion of mutation]
 51118 | Depths:2 | Gained mutation: You are dopey. (Int -2) [potion of
                  | mutation]
 51118 | Depths:2 | Gained mutation: You are partially covered in icy blue
                  | scales. (AC +2) [potion of mutation]
 51348 | Orc      | Bought a scroll of enchant armour for 97 gold pieces
 52263 | Snake:1  | Bought a scroll of blinking for 112 gold pieces
 52263 | Snake:1  | Bought a scroll of blinking for 112 gold pieces
 52272 | Snake:1  | Bought a scroll of blinking for 120 gold pieces
 52272 | Snake:1  | Bought a scroll of blinking for 120 gold pieces
 52272 | Snake:1  | Bought a scroll of blinking for 120 gold pieces
 52694 | Depths:3 | Reached XP level 24. HP: 225/226 MP: 31/32
 52981 | Depths:3 | Noticed a golden dragon
 52997 | Depths:3 | Killed a golden dragon
 53529 | Depths:4 | Noticed a Killer Klown
 53537 | Depths:4 | Killed a Killer Klown
 53662 | Depths:4 | Found a shattered altar of Ashenzari.
 53798 | D:11     | Bought a book of Enchantments for 900 gold pieces
 53804 | D:11     | Learned a level 5 spell: Piercing Shot
 54181 | Depths:4 | Noticed a juggernaut
 54188 | Depths:4 | Reached skill level 18 in Axes
 54191 | Depths:4 | Killed a juggernaut
 54213 | Depths:4 | Noticed Mara
 54224 | Depths:4 | Noticed Mehrunes's illusion
 54514 | Depths:4 | Noticed an ancient lich
 54656 | Depths:4 | Noticed an ancient lich
 54664 | Depths:4 | Killed an ancient lich
 54742 | Depths:4 | Paralysed by a floating eye for 4 turns
 54791 | Depths:4 | Identified the cursed ring of Departure {+Fly rC+ Int+4
                  | SInv}
 54853 | Depths:4 | Killed an ancient lich
 54919 | Depths:4 | Noticed a Killer Klown
 54926 | Depths:4 | Killed a Killer Klown
 55233 | Depths:4 | Killed Mara
 55234 | Depths:4 | Reached XP level 25. HP: 223/236 MP: 32/32
 55292 | Depths:4 | Found a gateway to a ziggurat.
 55570 | Depths:5 | Entered Level 5 of the Depths
 56383 | Depths:5 | Found Wousirax's Pet Rocks.
 56427 | Depths:5 | Noticed a golden dragon
 56446 | Depths:5 | Killed a golden dragon
 56749 | Depths:5 | Found a gate to the Realm of Zot.
 57072 | Depths:5 | Found a corrupted altar of Lugonu.
 57608 | Depths:1 | Bought a wand of acid (10) for 396 gold pieces
 57608 | Depths:1 | Bought a wand of acid (4) for 180 gold pieces
 57765 | Depths:3 | Voluntarily entered the Abyss.
 58181 | Abyss:3  | Got an abyssal rune of Zot
 58204 | Abyss:3  | Paralysed by accursed screaming for 1 turns
 58351 | Depths:3 | Escaped the Abyss
 58541 | Zot:1    | Entered Level 1 of the Realm of Zot
 59205 | Zot:1    | Reached XP level 26. HP: 219/248 MP: 32/32
 59869 | Zot:2    | Noticed a golden dragon
 59891 | Zot:2    | Killed a golden dragon
 59937 | Zot:2    | HP: 7/249 [acid (13)]
 59939 | Zot:2    | Mangled by a balrug

Skill      XL: |  1  2  3  4  5  6  7  8  9 10 11 12 13 14 15 16 17 18 19 20 21 22 23 24 25 26 |
---------------+-------------------------------------------------------------------------------+-----
Stealth        | 5 6 7 8 9 10 11 12 13 14 15 | 15.0
Axes           | 3 4 5 6 7 8 10 11 12 13 14 15 16 17 18 | 18.0
Shields        | 2 3 4 5 6 7 8 9 10 11 12 13 14 | 14.6
Dodging        | 1 2 3 4 5 6 7 8 9 10 11 12 13 | 13.7
Fighting       | 3 4 5 6 7 8 9 10 11 12 13 14 15 16 17 | 17.0
Evocations     | 3 4 5 6 7 8 9 10 11 12 13 | 13.2
Invocations    | 2 3 4 6 7 9 10 | 10.0
Armour         | 2 4 5 6 7 8 9 10 11 12 13 | 13.6
Charms         | 2 4 5 6 7 9 |  9.4
Necromancy     | 2 4 5 |  5.0
Slings         | 1 3 5 7 8 10 11 12 | 12.7
Spellcasting   | 3 5 6 |  6.0
Hexes          | |  2.0

Action                   |  1- 3 |  4- 6 |  7- 9 | 10-12 | 13-15 | 16-18 | 19-21 | 22-24 | 25-27 || total
-------------------------+-------+-------+-------+-------+-------+-------+-------+-------+-------++-------
Melee: Hand axe          |    53 |    78 |   312 |   164 |       |       |       |       |       ||   607
       Unarmed           |       |       |     7 |       |       |       |       |       |       ||     7
       Flail             |       |       |       |   127 |       |       |       |       |       ||   127
       War axe           |       |       |       |   382 |   596 |   787 |   132 |       |       ||  1897
       Morningstar       |       |       |       |     2 |    60 |       |       |       |       ||    62
       Whip              |       |       |       |       |   246 |   106 |       |       |       ||   352
       Constrict         |       |       |       |       |   188 |   200 |    89 |    91 |    67 ||   635
       Broad axe         |       |       |       |       |       |       |   432 |   750 |   573 ||  1755
 Fire: Hunting sling     |    14 |    57 |    42 |   170 |    81 |    10 |       |       |       ||   374
       Fustibalus        |       |       |       |       |       |   171 |   118 |   158 |    55 ||   502
Throw: Stone             |       |     1 |     2 |    38 |    10 |     5 |       |       |       ||    56
 Cast: Deflect Missiles  |       |       |       |       |     1 |       |       |       |       ||     1
       Regeneration      |       |       |       |       |     3 |     5 |     2 |       |    10 ||    20
Invok: Bend Time         |       |       |     1 |       |       |       |       |       |       ||     1
 Abil: Spit Poison       |    36 |    25 |    44 |    34 |     9 |     2 |       |       |       ||   150
       Evoke Berserk Rag |       |       |       |       |       |     1 |       |       |       ||     1
Evoke: Wand              |       |     1 |    12 |    12 |     2 |     9 |     1 |    12 |       ||    49
       Lightning rod     |       |       |       |       |     4 |     1 |       |     2 |       ||     7
       Lamp of fire      |       |       |       |       |     1 |     4 |     1 |     4 |       ||    10
  Use: Scroll            |       |     5 |     6 |    17 |    14 |     9 |     8 |    11 |     2 ||    72
       Potion            |       |       |     5 |     1 |     8 |     4 |     1 |     1 |     2 ||    22
 Stab: Sleeping          |       |     2 |     7 |     7 |    23 |     3 |     1 |     3 |       ||    46
       Paralysed         |       |       |    17 |       |       |       |       |     8 |     1 ||    26
       Distracted        |       |       |       |     2 |     5 |     1 |     2 |       |       ||    10
       Invisible         |       |       |       |       |       |    14 |       |       |       ||    14
       Fleeing           |       |       |       |       |       |       |     1 |       |       ||     1
       Confused          |       |       |       |       |       |       |       |       |     5 ||     5
  Eat: Chunk             |     4 |     6 |    16 |    29 |    30 |    23 |    21 |    22 |    17 ||   168
       Ration            |       |     2 |     1 |     7 |     6 |     8 |     1 |     4 |     2 ||    31
Armor: Robe              |    17 |    24 |    57 |       |       |       |       |       |       ||    98
       Skin              |       |       |     1 |       |       |       |       |       |       ||     1
       Troll leather arm |       |       |    16 |   109 |       |       |       |       |       ||   125
       Ring mail         |       |       |       |   139 |   482 |       |       |       |       ||   621
       Fire dragon scale |       |       |       |       |   125 |   556 |   185 |   149 |       ||  1015
       Gold dragon scale |       |       |       |       |       |       |       |   158 |   278 ||   436
Dodge: Dodged            |    13 |    31 |   107 |   215 |   420 |   670 |   317 |   371 |   329 ||  2473
       Deflected         |       |       |       |       |    42 |    82 |    49 |    73 |    39 ||   285
Block: Medium shield     |    39 |    56 |   202 |   463 |   769 |  1021 |   677 |   817 |   786 ||  4830
       Reflection        |       |       |       |       |       |    62 |    81 |    45 |    16 ||   204
